 Dungeon Crawl Stone Soup version 0.24.0-123-gd5b16e6ec5 (webtiles) character file.

Game seed: 9095967462113958941, levelgen mode: deterministic

86 PentaManta the Ducker (level 4, 0/31 HPs)
             Began as an Octopode Fighter on Dec 30, 2019.
             Slain by Sigmund
             ... wielding a +0 scythe
              (9 damage)
             ... on level 3 of the Dungeon.
             The game lasted 00:02:57 (1963 turns).

PentaManta the Ducker (Octopode Fighter)            Turns: 1963, Time: 00:02:58

Health: 0/31       AC:  1    Str: 15    XL:     4   Next: 49%
Magic:  4/4        EV: 12    Int: 10    God:
Gold:   72         SH: 10    Dex: 12    Spells: 3/3 levels left

rFire    . . .     SeeInvis .   i - +0 dagger
rCold    . . .     Gourm    .   b - +1 shield
rNeg     . . .     Faith    .   (helmet restricted)
rPois    .         Spirit   .   (no amulet)
rElec    .         Reflect  .   (no ring)
rCorr    .         Harm     .   (no ring)
MR       .....                  (no ring)
Stlth    +++.......             (no ring)
HPRegen  0.10/turn              (no ring)
MPRegen  0.09/turn              (no ring)
                                (no ring)
                                (no ring)

@: no status effects
A: almost no armour, stealthy swim, amphibious, 8 rings, constrict 8, camouflage
1, gelatinous body 1
a: no special abilities


You were on level 3 of the Dungeon.
You were not hungry.

You visited 1 branch of the dungeon, and saw 3 of its levels.

You collected 72 gold pieces.

Inventory:

Hand Weapons
 a - a +0 long sword
 i - a +0 dagger (weapon)
 j - a +0 hunting sling
Missiles
 k - 71 stones (quivered)
Armour
 b - a +1 shield (worn)
Scrolls
 e - a scroll of enchant armour
 f - a scroll of fog
 g - 3 scrolls of identify
Potions
 c - a potion of might
 h - 2 potions of invisibility
Comestibles
 d - 4 rations


   Skills:
 - Level 3.0 Fighting
 + Level 2.8 Long Blades
 + Level 3.6 Dodging
 + Level 2.6 Stealth
 + Level 3.6 Shields


You had 3 spell levels left.
You didn't know any spells.
Your spell library was empty.

Dungeon Overview and Level Annotations

Branches:
Dungeon (3/15)

Altars:

Annotations:
D:3 1 runed translucent door, Crazy Yiuf, Sigmund


Innate Abilities, Weirdness & Mutations

You cannot wear most types of armour.
You are very stealthy in the water. (Stealth+)
You are amphibious.
You can wear up to eight rings at the same time.
You can use your tentacles to constrict eight enemies at once.
Your skin changes colour to match your surroundings (Stealth+).
Your rubbery body absorbs attacks. (AC +1, EV +1)


Message History

You completely miss Sigmund.
Sigmund is severely wounded.
You constrict Sigmund. Sigmund casts a spell at you.
You are confused.
You release your grip on Sigmund.
Sigmund casts a spell.
Sigmund flickers and vanishes!
Deactivating autopickup; reactivate with Ctrl-A.
Okay, then.
You bump into the rock wall.
Something hits you!
You bump into the rock wall.
Something hits you but does no damage.
You bump into the rock wall.
Something barely misses you.
You miss something. Something hits you.
You feel less confused.
A magic dart appears from out of thin air!
The magic dart hits you!
* * * LOW HITPOINT WARNING * * *
Something hits you!
You die...

...♣ #.#.#..#.#
...# #...##.#.#
...###.####.#.####
.....#.# #.#.##.#
..####.# #.#.##.#
.......# #.#.##.#
.......# #.#.##.#
.......# #.#.##.#
#.##.#.# #^#.##@#
#.##.#.# #.#.##.#
#.##.#.# #.#.##.#
#.##.#.# #.#....#
#.##.#.# #.####.#
#.##.#.# #.# #.#
#.##.#.# #.# #.#
#.##.#.# #.# ...


There were no monsters in sight!

Vanquished Creatures
  5 adders
  A worm (D:2)
  A dart slug (D:2)
  A leopard gecko (D:2)
  8 hobgoblins
  4 jackals (D:1)
  3 kobolds
  2 bats
  5 frilled lizards
  3 goblins
  6 rats
39 creatures vanquished.

Notes
Turn   | Place    | Note
-------+----------+-------------------------------------------
     0 | D:1      | PentaManta the Octopode Fighter began the quest for the
                  | Orb.
     0 | D:1      | Reached XP level 1. HP: 16/16 MP: 1/1
   173 | D:1      | Reached skill level 1 in Stealth
   173 | D:1      | Reached XP level 2. HP: 20/21 MP: 2/2
   680 | D:2      | Reached XP level 3. HP: 18/26 MP: 3/3
  1157 | D:2      | Reached XP level 4. HP: 20/31 MP: 4/4
  1843 | D:3      | Found a runed translucent door.
  1844 | D:3      | Noticed Crazy Yiuf
  1943 | D:3      | Noticed Sigmund
  1963 | D:3      | Slain by Sigmund

Levels and vault maps discovered:
D:1:      minmay_arrival_up_and_down, layout_basic
D:2:      layout_basic
D:3:      layout_basic, first_ration, uniq_crazy_yiuf_cottage, uniq_sigmund

Skill      XL: |  1  2  3 |
---------------+----------+-----
Stealth        | 1 2 |  2.6
Fighting       | |  3.0
Long Blades    | |  2.8
Dodging        | |  3.6
Shields        | |  3.6

Action                   |  1- 3 |  4- 6 || total
-------------------------+-------+-------++-------
Melee: Long sword        |    25 |       ||    25
       Constrict         |    19 |     5 ||    24
       Tentacles         |    14 |     5 ||    19
       Dagger            |    35 |    28 ||    63
  Use: Potion            |     1 |       ||     1
       Scroll            |       |     4 ||     4
 Stab: Sleeping          |     4 |     2 ||     6
  Eat: Ration            |       |     1 ||     1
Armor: Skin              |     2 |     1 ||     3
Dodge: Dodged            |    15 |     7 ||    22
Block: Shield            |    34 |     7 ||    41
       Rpst.: Long sword |     3 |       ||     3
